 Dungeon Sprint DCSS version 0.24-a0-244-ga6a6ab7 (webtiles) character file.

Game seed: 1813142733162074380

28 MikeHunt the Ruffian (level 2, 0/23 HPs)
             Began as a Draconian Artificer on Apr 11, 2019.
             Slain by a human (9 damage)
             ... in the Dungeon (Sprint III: "The Ten Rune Challenge").
             The game lasted 00:00:48 (92 turns).

MikeHunt the Ruffian (Draconian Artificer)            Turns: 92, Time: 00:00:48

Health: 0/23       AC:  4    Str: 14    XL:     2   Next: 96%
Magic:  4/4        EV: 12    Int: 11    God:
Gold:   0          SH:  0    Dex: 11    Spells: 1/1 levels left

rFire    . . .     SeeInvis .     - Unarmed
rCold    . . .     Gourm    .   (no shield)
rNeg     . . .     Faith    .   (armour unavailable)
rPois    .         Spirit   .   (helmet restricted)
rElec    .         Reflect  .   (no cloak)
rCorr    .         Harm     .   (no gloves)
MR       .....     NoTele   +   (no boots)
Stlth    +.........             (no amulet)
HPRegen  0.07/turn              (no ring)
MPRegen  0.09/turn              (no ring)

@: no status effects
A: unfitting armour, cold-blooded, AC +4
a: no special abilities


You were in the Dungeon.
You were not hungry.

You visited 1 branch

Inventory:

Hand Weapons
 a - a +0 short sword
Wands
 b - a wand of flame (9)
 c - a wand of enslavement (15)
 d - a wand of random effects (12)
Scrolls
 k - a scroll of blinking
 n - a scroll of remove curse {unknown}
Potions
 e - a potion of curing
 g - a potion of heal wounds
 h - a potion of haste
 i - 2 potions of magic
 j - a potion of berserk rage
 m - a potion of degeneration {unknown}
Comestibles
 f - a ration
 l - 2 chunks of flesh {@w1}


   Skills:
 - Level 1.1 Fighting
 - Level 1.0 Short Blades
 - Level 1.7 Dodging
 - Level 0.8 Stealth
 + Level 5.8 Unarmed Combat
 - Level 3.0 Evocations


You had one spell level left.
You didn't know any spells.
Your spell library was empty.

Dungeon Overview and Level Annotations

Branches:
Dungeon (1/1)

Altars:


Innate Abilities, Weirdness & Mutations

Your plain brown scales are hard. (AC +4)
You cannot fit into any form of body armour.
You are cold-blooded and may be slowed by cold attacks.


Message History

Evoke which item? (* to show all) (? for menu, Esc to quit)
Aiming: Throw Flame
Press: ? - help, Shift-Dir - straight line, f/p - human
Aim: a human (heavily wounded, slow)
The puff of flame misses the human.
Evoke which item? (* to show all) (? for menu, Esc to quit)
Aiming: Throw Flame
Press: ? - help, Shift-Dir - straight line, f/p - human
Aim: a human (heavily wounded, slow)
The puff of flame hits the human.
The human is heavily wounded.
The human hits you but does no damage.
Evoke which item? (* to show all) (? for menu, Esc to quit)
Aiming: Throw Flame
Press: ? - help, Shift-Dir - straight line, f/p - human
Aim: a human (heavily wounded, slow)
The puff of flame hits the human.
The human is severely wounded.
The human hits you!
You die...

▓..##....)..# .#
▓##.##.##...# .#
##.##.###..# ..#
▓#.####.##..# ...+
▓.###÷.##..##
#...# ▓#.....##..#
#....#
###÷.##...##.....#
##..##....#p.....#
#..###..##@#.....#
#..# #.. ####....#
▓▓▓▓ ▓▓▓ ▓▓▓▓▓


You could see a human.

Vanquished Creatures
  Jessica (D)
  3 rats (D)
4 creatures vanquished.

Notes
Turn   | Place    | Note
-------+----------+-------------------------------------------
     0 | D        | MikeHunt the Draconian Artificer began the quest for the
                  | Orb.
     0 | D        | Reached XP level 1. HP: 16/16 MP: 3/3
    10 | D        | Reached skill level 1 in Unarmed Combat
    51 | D        | Noticed Jessica
    57 | D        | Killed Jessica
    57 | D        | Reached skill level 5 in Unarmed Combat
    57 | D        | Reached XP level 2. HP: 21/23 MP: 4/4
    82 | D        | Noticed a scorpion
    92 | D        | Slain by a human

Levels and vault maps discovered:
D:        dungeon_sprint_mu [sprint_mu_entry_cave, sprint_mu_temple_rooms,
          sprint_mu_d1_horrors, sprint_mu_d2_genie, sprint_mu_d3_branching,
          sprint_mu_orc_legion, sprint_mu_elf_gauntlet, sprint_mu_hive_nellie,
          sprint_mu_lair_fedhas, sprint_mu_vaults_butterflies,
          sprint_mu_slime_circle, sprint_mu_shoals_kraken,
          sprint_mu_snake_twists, sprint_mu_blade_basic,
          sprint_mu_crypt_chambers, sprint_mu_tomb_spiral,
          sprint_mu_vestibule_basic, sprint_mu_gehenna_hellfire,
          sprint_mu_dis_giant, sprint_mu_tartarus_statrot,
          sprint_mu_cocytus_islands, sprint_mu_zot1]

Skill      XL: |  1 |
---------------+----+-----
Unarmed Combat | 5 |  5.8
Fighting       | |  1.1
Short Blades   | |  1.0
Dodging        | |  1.7
Stealth        | |  0.8
Evocations     | |  3.0

Action                   || total
-------------------------++-------
Melee: Short sword       ||     9
       Tailslap          ||     2
       Unarmed           ||     3
Evoke: Wand              ||     9
 Stab: Confused          ||     3
Armor: Skin              ||     2
Dodge: Dodged            ||     7

Table legend:
 A = Non-vault XP
 B = Vault XP
 C = Vault XP percentage of total XP
 D = Non-vault monster count
 E = Vault monster count
 F = Vault count percentage of total count
                 A         B        C        D         E       F
            +---------+---------+-------+---------+---------+-------
      Total |       0 |      40 | 100.0 |       0 |       4 | 100.0
            +---------+---------+-------+---------+---------+-------
          D |       0 |      40 | 100.0 |       0 |       4 | 100.0
            +---------+---------+-------+---------+---------+-------
